 Dungeon Crawl Stone Soup version 0.22-a0-240-g539252a (webtiles) character file.

64 tidbits the Insei (level 4, 26/34 HPs)
             Began as a Gnoll Transmuter on Feb 21, 2018.
             Was a Follower of Fedhas.
             Quit the game on level 2 of the Dungeon.
             The game lasted 00:03:31 (318 turns).

tidbits the Insei (Gnoll Transmuter)                 Turns: 318, Time: 00:03:31

Health: 26/34      AC:  2    Str: 12    XL:     4   Next: 12%
Magic:  11/11      EV: 15    Int: 17    God:    Fedhas [*.....]
Gold:   80         SH:  0    Dex: 15    Spells: 7/13 levels left

rFire    . . .     SeeInvis .   a - +2 dagger (elec)
rCold    . . .     Gourm    .   (no shield)
rNeg     . . .     Faith    .   b - +0 robe
rPois    .         Spirit   .   (no helmet)
rElec    .         Reflect  .   (no cloak)
rCorr    .         Harm     .   (no gloves)
MR       .....                  (no boots)
Stlth    ++........             (no amulet)
HPRegen  0.11/turn              (no ring)
MPRegen  0.12/turn              (no ring)

@: no status effects
A: distributed training, fangs 1, strong nose
a: Fungal Bloom, Evolution, Renounce Religion


You were on level 2 of the Dungeon.
You worshipped Fedhas.
Fedhas was aware of your devotion.
You were not hungry.

You visited 1 branch of the dungeon, and saw 2 of its levels.

You collected 80 gold pieces.

Inventory:

Hand Weapons
 a - a +2 dagger of electrocution (weapon)
   (You took it off a goblin on level 2 of the Dungeon)
 e - a +0 dagger
Missiles
 h - 9 arrows
Armour
 b - a +0 robe (worn)
Scrolls
 g - a scroll of amnesia {unknown}
 i - a scroll of identify {unknown}
Potions
 d - a potion of curing {unknown}
 f - a potion of mutation {unknown}
Comestibles
 c - 2 rations


   Skills:
 + Level 2.7 Fighting
 + Level 1.0 Short Blades
 + Level 1.0 Long Blades
 + Level 1.0 Axes
 + Level 1.0 Maces & Flails
 + Level 1.0 Polearms
 + Level 1.0 Staves
 + Level 1.0 Slings
 + Level 1.0 Bows
 + Level 1.0 Crossbows
 + Level 1.0 Throwing
 + Level 1.0 Armour
 + Level 4.6 Dodging
 + Level 1.0 Stealth
 + Level 1.0 Shields
 + Level 6.5 Unarmed Combat
 + Level 5.0 Spellcasting
 + Level 0.7 Conjurations
 + Level 0.7 Hexes
 + Level 0.7 Charms
 + Level 0.7 Summonings
 + Level 0.7 Necromancy
 + Level 0.7 Translocations
 + Level 3.8 Transmutations
 + Level 0.7 Fire Magic
 + Level 0.7 Ice Magic
 + Level 0.7 Air Magic
 + Level 0.7 Earth Magic
 + Level 0.7 Poison Magic
 + Level 1.1 Invocations
 + Level 1.0 Evocations


You had 7 spell levels left.
You knew the following spells:

 Your Spells              Type           Power        Failure   Level  Hunger
e - Beastly Appendage     Tmut           ###...       3%          1    None
k - Sticks to Snakes      Tmut           ###.....     4%          2    #......
p - Spider Form           Tmut/Pois      ##........   17%         3    ###....


Dungeon Overview and Level Annotations

Branches:
Dungeon (2/15)

Altars:
Fedhas
Makhleb


Innate Abilities, Weirdness & Mutations

Your experience applies equally to all skills.
You have very sharp teeth.
Your uncanny sense of smell can sniff out nearby items.


Message History

Your transformation has ended.
Your +0 robe unmelds from your body.
The kobold shouts!
You closely miss the kobold. The kobold closely misses you.
You barely miss the kobold. You punch the kobold, but do no damage.
Your ball python barely misses the kobold.
Your ball python grabs the kobold.
Your ball python constricts the kobold.
The kobold misses you.
You hit the kobold.
The kobold is severely wounded.
Your ball python bites the kobold but does no damage.
Your ball python constricts the kobold.
You hit the kobold.
You kill the kobold!
You see here 15 gold pieces.
You now have 80 gold pieces (gained 15).
Wield which item (- for none, * to show all)? (? for menu, Esc to quit)
You hear the crackle of electricity.
h - a +2 dagger of electrocution (weapon)
Adjust (i)tems, (s)pells, or (a)bilities?
Adjust which item? (? for menu, Esc to quit)
h - a +2 dagger of electrocution (weapon)
Adjust to which letter? (? for menu, Esc to quit)
a - a +2 dagger of electrocution (weapon)
h - 10 arrows
Found a stone staircase leading up.
Your ball python withers and dies!
There is a stone staircase leading up here.
You climb upwards.
There is a stone staircase leading down here.
Unknown command.
You climb downwards.
There is a stone staircase leading up here.
Unknown command.
A worm comes into view.
Casting: Sticks to Snakes (safe; 4% risk of failure)
Confirm with . or Enter, or press ? or * to list all spells.
Your feet morph into talons.
Casting: Beastly Appendage (safe; 3% risk of failure)
Confirm with . or Enter, or press ? or * to list all spells.
You create a snake!
You now have 9 arrows.
You barely miss the worm. The worm barely misses you.
You hit the worm.
The worm is lightly wounded.
You hit the worm. You claw the worm!
The worm is severely wounded.
Your adder bites the worm but does no damage.
The worm barely misses you.
You barely miss the worm. You bite the worm.
The worm is severely wounded.
Your adder bites the worm.
The worm is poisoned.
Your adder poisons the worm!
Your adder bites the worm but does no damage.
You hit the worm.
You kill the worm!
A bat comes into view.
The bat barely misses you.
You barely miss the bat.
Your transformation is almost over.
The bat completely misses you. The bat barely misses you.
You hit the bat.
You kill the bat!
Your Short Blades skill increases to level 1!
Your Long Blades skill increases to level 1!
Your Axes skill increases to level 1!
Your Maces & Flails skill increases to level 1!
Your Polearms skill increases to level 1!
Your Staves skill increases to level 1!
Your Slings skill increases to level 1!
Your Bows skill increases to level 1!
Your Crossbows skill increases to level 1!
Your Throwing skill increases to level 1!
Your Armour skill increases to level 1!
Your Stealth skill increases to level 1!
Your Shields skill increases to level 1!
Your Evocations skill increases to level 1!
You see here a bat corpse.
An adder comes into view.
Your talons disappear.
The adder hisses angrily.
The adder bites you.
You hit the adder but do no damage.
Your adder withers and dies!
The adder misses you.
You hit the adder. Lightning courses through the adder!
You kill the adder!
You have reached level 4!
You feel clever.
A giant cockroach comes into view.
You see here an adder corpse.
Found a faded altar of an unknown god.
The helpless giant cockroach fails to defend itself.
You hit the giant cockroach.
You kill the giant cockroach!
There is a faded altar of an unknown god here.
You cannot tell which god this altar belongs to.
Convert to them anyway?
Fedhas accepts your prayer! Fedhas welcomes you!
The plants of the dungeon cease their hostilities.
You can now turn corpses into toadstools.
You can now induce evolution.
Are you sure you want to abandon this character and quit the game? (Confirm with "yes".)

##..# #.†###
######....#
#......##.#
#.####.##.####
#.####.......#
#.........##.#
#..#..#...# #
#.#@#..#
#..#...# #..
..## .... .##
.###. ## # #.
#. #.


There were no monsters in sight!

Vanquished Creatures
  3 adders (D:2)
  2 worms (D:2)
  A dart slug (D:2)
  3 bats
  A giant cockroach (D:2)
  3 hobgoblins (D:1)
  3 goblins
  4 kobolds
  4 rats
24 creatures vanquished.

Vanquished Creatures (collateral kills)
  An adder (D:2)
  A rat (D:2)
2 creatures vanquished.

Grand Total: 26 creatures vanquished

Notes
Turn   | Place    | Note
-------+----------+-------------------------------------------
     0 | D:1      | tidbits the Gnoll Transmuter began the quest for the Orb.
     0 | D:1      | Reached XP level 1. HP: 17/17 MP: 6/6
   114 | D:1      | Reached XP level 2. HP: 18/23 MP: 5/7
   123 | D:1      | Learned a level 2 spell: Sticks to Snakes
   198 | D:2      | Reached XP level 3. HP: 13/28 MP: 5/9
   201 | D:2      | Reached skill level 5 in Spellcasting
   206 | D:2      | Learned a level 3 spell: Spider Form
   226 | D:2      | Found a blossoming altar of Fedhas.
   231 | D:2      | Found a burning altar of Makhleb.
   242 | D:2      | Reached skill level 1 in Invocations
   294 | D:2      | Reached skill level 1 in Short Blades
   294 | D:2      | Reached skill level 1 in Long Blades
   294 | D:2      | Reached skill level 1 in Axes
   294 | D:2      | Reached skill level 1 in Maces & Flails
   294 | D:2      | Reached skill level 1 in Polearms
   294 | D:2      | Reached skill level 1 in Staves
   294 | D:2      | Reached skill level 1 in Slings
   294 | D:2      | Reached skill level 1 in Bows
   294 | D:2      | Reached skill level 1 in Crossbows
   294 | D:2      | Reached skill level 1 in Throwing
   294 | D:2      | Reached skill level 1 in Armour
   294 | D:2      | Reached skill level 1 in Stealth
   294 | D:2      | Reached skill level 1 in Shields
   294 | D:2      | Reached skill level 1 in Evocations
   307 | D:2      | Reached XP level 4. HP: 25/34 MP: 9/11
   313 | D:2      | Found a faded altar of an unknown god.
   317 | D:2      | Became a worshipper of Fedhas Madash
   317 | D:2      | Reached * piety under Fedhas
   318 | D:2      | Quit the game

Vault maps used:
D:1:      nzn_arrival_crosshair, minmay_shallow_snake_nest
D:2:      nicolae_overflow_hidden_temple, grunt_temple_overflow_open,
          chequers_ecumenical_altar_simple, uniq_crazy_yiuf_cottage

Skill      XL: |  1  2  3 |
---------------+----------+-----
Spellcasting   | 5 |  5.0
Invocations    | 1 |  1.1
Short Blades   | 1 |  1.0
Long Blades    | 1 |  1.0
Axes           | 1 |  1.0
Maces & Flails | 1 |  1.0
Polearms       | 1 |  1.0
Staves         | 1 |  1.0
Slings         | 1 |  1.0
Bows           | 1 |  1.0
Crossbows      | 1 |  1.0
Throwing       | 1 |  1.0
Armour         | 1 |  1.0
Stealth        | 1 |  1.0
Shields        | 1 |  1.0
Evocations     | 1 |  1.0
Fighting       | |  2.7
Dodging        | |  4.6
Unarmed Combat | |  6.5
Conjurations   | |  0.7
Hexes          | |  0.7
Charms         | |  0.7
Summonings     | |  0.7
Necromancy     | |  0.7
Translocations | |  0.7
Transmutations | |  3.8
Fire Magic     | |  0.7
Ice Magic      | |  0.7
Air Magic      | |  0.7
Earth Magic    | |  0.7
Poison Magic   | |  0.7

Action                   |  1- 3 |  4- 6 || total
-------------------------+-------+-------++-------
Melee: Unarmed           |    56 |       ||    56
       Headbutt          |     1 |       ||     1
       Kick              |     4 |       ||     4
       Bite              |     3 |       ||     3
       Dagger            |     9 |     1 ||    10
       Punch             |     1 |       ||     1
 Cast: Beastly Appendage |     8 |       ||     8
       Sticks to Snakes  |     3 |       ||     3
       Spider Form       |     1 |       ||     1
 Stab: Sleeping          |     2 |     1 ||     3
       Distracted        |     1 |       ||     1
Armor: Robe              |     5 |       ||     5
Dodge: Dodged            |    42 |       ||    42

Table legend:
 A = Spawn XP
 B = Non-spawn XP
 C = Spawn XP percentage of total XP
 D = Spawn monster count
 E = Non-spawn monster count
 F = Spawn count percentage of total count
 G = Total turns spent on level
                    A         B        C        D         E        F      G
               +---------+---------+-------+---------+---------+-------+---------
         Total |       0 |      92 |   0.0 |       0 |      26 |   0.0 |   318
               +---------+---------+-------+---------+---------+-------+---------
           D:1 |       0 |      16 |   0.0 |       0 |      11 |   0.0 |   167
           D:2 |       0 |      76 |   0.0 |       0 |      15 |   0.0 |   151
               +---------+---------+-------+---------+---------+-------+---------

Table legend:
 A = Turns spent in this place as a percentage of turns spent in the entire game.
 B = Non-inter-level travel turns spent in this place as a percentage of non-inter-level travel turns spent in the entire game.
 C = Inter-level travel turns spent in this place as a percentage of turns spent in this place.
 D = Turns resting spent in this place as a percentage of non-inter-level travel turns spent in this place.
 E = Turns spent auto-exploring this place as a percentage of non-inter-level travel turns spent in this place.
 F = Non-inter-level travel turns spent in this place divided by the number of levels of this place that you've seen.
                   A       B       C       D       E      F
               +-------+-------+-------+-------+-------+----------------------
         Total | 100.0 | 100.0 |   0.0 |   0.0 |   0.0 | 159.0
       Dungeon | 100.0 | 100.0 |   0.0 |   0.0 |   0.0 | 159.0
               +-------+-------+-------+-------+-------+----------------------

Table legend:
 A = Kills in this place as a percentage of kills in entire the game.
 B = Kills by you in this place as a percentage of kills by you in the entire game.
 C = Kills by friends in this place as a percentage of kills by friends in the entire game.
 D = Other kills in this place as a percentage of other kills in the entire game.
 E = Experience gained in this place as a percentage of experience gained in the entire game.
 F = Experience gained in this place divided by the number of levels of this place that you have seen.
                   A       B       C       D       E      F
               +-------+-------+-------+-------+-------+----------------------
         Total | 100.0 | 100.0 | 100.0 |   N/A | 100.0 |  46.0
       Dungeon | 100.0 | 100.0 | 100.0 |   N/A | 100.0 |  46.0
               +-------+-------+-------+-------+-------+----------------------

Vault maps used:
D:1:      nzn_arrival_crosshair, minmay_shallow_snake_nest
D:2:      nicolae_overflow_hidden_temple, grunt_temple_overflow_open,
          chequers_ecumenical_altar_simple, uniq_crazy_yiuf_cottage
